 Dungeon Crawl Stone Soup version 0.25-a0-294-gea9b1ad378 (webtiles) character file.

Game seed: 14866950416190641697, levelgen mode: deterministic

29 Redear the Shield-Bearer (level 3, 0/26 HPs)
             Began as an Octopode Fighter on Dec 18, 2019.
             Slain by Natasha (7 damage)
             ... on level 2 of the Dungeon.
             The game lasted 00:02:11 (1077 turns).

Redear the Shield-Bearer (Octopode Fighter)         Turns: 1077, Time: 00:02:12

Health: 0/26       AC:  1    Str: 15    XL:     3   Next: 16%
Magic:  3/3        EV: 12    Int: 10    God:
Gold:   43         SH:  8    Dex: 12    Spells: 2/2 levels left

rFire    . . .     SeeInvis .   a - +0 long sword
rCold    . . .     Gourm    .   b - +0 shield
rNeg     . . .     Faith    .   (helmet restricted)
rPois    .         Spirit   .   (no amulet)
rElec    .         Reflect  .   (no ring)
rCorr    .         Harm     .   (no ring)
MR       .....                  (no ring)
Stlth    +++.......             (no ring)
HPRegen  0.08/turn              (no ring)
MPRegen  0.08/turn              (no ring)
                                (no ring)
                                (no ring)

@: no status effects
A: almost no armour, stealthy swim, amphibious, 8 rings, constrict 8, camouflage
1, gelatinous body 1
a: no special abilities


You were on level 2 of the Dungeon.
You were hungry.

You visited 1 branch of the dungeon, and saw 2 of its levels.

You collected 43 gold pieces.

Inventory:

Hand Weapons
 a - a +0 long sword (weapon)
Missiles
 i - 15 poisoned darts (quivered)
Armour
 b - a +0 shield (worn)
Jewellery
 d - an uncursed amulet of faith {unknown}
 h - a cursed -3 ring of dexterity {unknown}
Scrolls
 e - a scroll of fear {unknown}
 g - a scroll of noise {unknown}
 j - a scroll of remove curse {unknown}
Potions
 c - a potion of might {Str+5 DMG+1d10 | @q3}
 f - 2 potions of curing {unknown}
Comestibles
 z - 5 rations


   Skills:
 + Level 3.2 Fighting
 - Level 2.3 Long Blades
 + Level 3.2 Dodging
 + Level 1.5 Stealth
 + Level 3.2 Shields


You had 2 spell levels left.
You didn't know any spells.
Your spell library was empty.

Dungeon Overview and Level Annotations

Branches:
Dungeon (2/15)

Altars:
Xom

Annotations:
D:2 Jessica, Natasha


Innate Abilities, Weirdness & Mutations

You cannot wear most types of armour.
You are very stealthy in the water. (Stealth+)
You are amphibious.
You can wear up to eight rings at the same time.
You can use your tentacles to constrict eight enemies at once.
Your skin changes colour to match your surroundings (Stealth+).
Your rubbery body absorbs attacks. (AC +1, EV +1)


Message History

You see here a stone.
You closely miss Natasha. Your grab misses Natasha. Natasha closely misses you.
You riposte.
You barely miss Natasha. Your grab misses Natasha.
The kobold hits you but does no damage.
You closely miss Natasha. Your grab misses Natasha.
Natasha casts a spell at you. The magic dart hits you.
The kobold hits you with a +0 dagger.
You take 6 damage, and have 17/26 hp.
MASSIVE DAMAGE!!
You hit Natasha but do no damage. Your grab misses Natasha.
Natasha casts a spell at you. The magic dart hits you!
The kobold hits you with a +0 dagger.
* * * LOW HITPOINT WARNING * * *
Natasha casts a spell.
You take 10 damage, and have 7/26 hp.
MASSIVE DAMAGE!!
The white imp gestures at you. You block the puff of frost.
There is a stone staircase leading up here.
You see here 3 stones.
You block the kobold's attack. Natasha claws you!
You die...

...<.#...###......
#...$....>........
#.#.#......#..... ######
#...#.# .........
#....###...#.###........
#.........(.............
#....####.†........#####
##
###...)....hK(^_^......
...
#.........@5^.....##.#
##..
#........##...(.....
.J.[
###..#######.######..
#.. #..# #.# ... #..#
#.. #. #.## ..# #.# ...
#.# .. .#


You could see Natasha, a white imp and a kobold.

Vanquished Creatures
  A ball python (D:1)
  4 giant cockroaches
  4 goblins (D:1)
  4 hobgoblins
  4 bats (D:1)
  2 frilled lizards (D:1)
  2 kobolds (D:1)
  6 rats (D:1)
27 creatures vanquished.

Notes
Turn   | Place    | Note
-------+----------+-------------------------------------------
     0 | D:1      | Redear the Octopode Fighter began the quest for the Orb.
     0 | D:1      | Reached XP level 1. HP: 16/16 MP: 1/1
   288 | D:1      | Reached XP level 2. HP: 19/21 MP: 2/2
   312 | D:1      | Reached skill level 1 in Stealth
   537 | D:1      | Reached XP level 3. HP: 22/26 MP: 3/3
   897 | D:2      | Noticed Jessica
   935 | D:2      | Found a shimmering altar of Xom.
   935 | D:2      | Noticed Natasha
  1077 | D:2      | Slain by Natasha

Levels and vault maps discovered:
D:1:      roderic_dead_forest, layout_basic
D:2:      layout_rooms, cheibriados_altar_1, xom_teletrap_fun, uniq_jessica,
          uniq_robin, uniq_natasha, uniq_terence

Skill      XL: |  1  2 |
---------------+-------+-----
Stealth        | 1 |  1.5
Fighting       | |  3.2
Long Blades    | |  2.3
Dodging        | |  3.2
Shields        | |  3.2

Action                   || total
-------------------------++-------
Melee: Long sword        ||    45
       Constrict         ||    11
       Tentacles         ||     6
       Unarmed           ||     1
 Stab: Sleeping          ||     6
Armor: Skin              ||     4
Dodge: Dodged            ||    18
Block: Shield            ||    17
       Rpst.: Long sword ||     5

Table legend:
 A = Non-vault XP
 B = Vault XP
 C = Vault XP percentage of total XP
 D = Non-vault monster count
 E = Vault monster count
 F = Vault count percentage of total count
                 A         B        C        D         E       F
            +---------+---------+-------+---------+---------+-------
      Total |      42 |       0 |   0.0 |      27 |       0 |   0.0
            +---------+---------+-------+---------+---------+-------
        D:1 |      38 |       0 |   0.0 |      25 |       0 |   0.0
        D:2 |       4 |       0 |   0.0 |       2 |       0 |   0.0
            +---------+---------+-------+---------+---------+-------
